 Dungeon Crawl Stone Soup version 0.29.1-1-gd02db6906a (webtiles) character file.

Game seed: 1216170318814996646

20832 RogueRain17 the Merchant of Misery (level 12, 0/67 (74) HPs)
             Began as a Demonspawn Necromancer on Sept 14, 2022.
             Was a Believer of Kikubaaqudgha.
             Slain by a spectral six-headed hydra (1 damage)
             ... in a Gauntlet on Sept 16, 2022.
             The game lasted 02:49:15 (16356 turns).

RogueRain17 the Merchant of Misery (DsNe)          Turns: 16356, Time: 02:49:17

HP:   0/67 (74)     AC:  9    Str:  8    XL:     12   Next: 48%
MP:   28/28         EV: 16    Int: 21    God:    Kikubaaqudgha [**....]
Gold: 2501          SH:  0    Dex: 13    Spells: 4/21 levels left

rFire   + . .      SeeInvis +   S - +4 quick blade
rCold   + . .      Faith    .   (no shield)
rNeg    . . .      Spirit   .   o - +2 robe {rC+ rF+}
rPois   .          Reflect  .   (helmet unavailable)
rElec   .          Harm     .   L - +0 cloak
rCorr   .          Rampage  .   (no gloves)
Will    .....      NoTele   +   (no boots)
Stlth   ++........              B - amulet of magic regeneration
HPRegen 0.21/turn               C - ring of magical power
MPRegen 0.82/turn               (no ring)

@: slowed, drained, very slow
A: antennae 3, thin metallic scales 2, demonic guardian 1, magic regeneration,
shaggy fur 1, weak 1
a: Renounce Religion, Unearth Wretches


You were in a Gauntlet.
You worshipped Kikubaaqudgha.
Kikubaaqudgha was pleased with you.
You visited 2 branches of the dungeon, and saw 13 of its levels.
You also visited: Gauntlet.

You collected 2501 gold pieces.

Inventory:

Hand Weapons
 I - a +0 vampiric dagger
 S - a +4 quick blade (weapon)
Missiles
 a - 3 boomerangs (quivered)
 i - 4 curare-tipped darts
 l - 3 silver javelins
 x - 22 poisoned darts
Armour
 o - a +2 robe of resistance (worn)
 L - a +0 cloak (worn)
Jewellery
 j - a ring of ice
 v - an amulet of regeneration
 B - an amulet of magic regeneration (around neck)
 C - a ring of magical power (left hand)
 Q - a ring of fire
Wands
 c - a wand of charming (18)
 h - a wand of polymorph (18)
 w - a wand of digging (4)
 y - a wand of mindburst (3)
 F - a wand of flame (7)
Scrolls
 e - 3 scrolls of magic mapping
 f - a scroll of vulnerability
 m - 2 scrolls of silence
 n - 3 scrolls of enchant armour
 r - 2 scrolls of teleportation
 s - a scroll of amnesia
 A - a scroll of summoning {unknown}
 E - 3 scrolls of torment
 G - a scroll of enchant weapon {unknown}
 M - 3 scrolls of fog {unknown}
 N - a scroll of immolation
 O - 2 scrolls of noise {unknown}
 P - a scroll of blinking
 R - a scroll of identify
Potions
 b - 4 potions of brilliance
 g - 4 potions of curing
 k - 3 potions of magic
 p - a potion of haste
 q - a potion of mutation
 t - 3 potions of cancellation {unknown}
 u - 2 potions of heal wounds {unknown}
 z - 4 potions of attraction {unknown}
 D - 2 potions of might {unknown}
 H - 2 potions of flight {unknown}
 J - 2 potions of resistance {unknown}
 K - a potion of invisibility


   Skills:
 + Level 9.6 Throwing
 - Level 10.0 Dodging
 - Level 1.7 Stealth
 - Level 5.0 Spellcasting
 * Level 13.6 Necromancy
 - Level 5.0 Translocations
 - Level 5.0 Evocations


You had 4 spell levels left.
You knew the following spells:

 Your Spells              Type           Power      Damage    Failure   Level
a - Necrotise             Necr           100%       1d9       1%          1
b - Vampiric Draining     Necr           58%        2d10      1%          3
c - Animate Dead          Necr           58%        N/A       1%          4
d - Sublimation of Blood  Necr           58%        N/A       1%          2
e - Blink                 Tloc           52%        N/A       1%          2
f - Agony                 Necr           58%        N/A       1%          5

Your spell library contained the following spells:

 Spells                   Type           Power      Damage    Failure   Level
 Apportation              Tloc           52%        N/A       1%          1
 Sting                    Tmut/Pois      20%        1d4       11%         1
 Summon Small Mammal      Summ           20%        N/A       11%         1
 Inner Flame              Hex/Fire       5%         N/A       32%         3
 Mephitic Cloud           Conj/Pois/Air  5%         N/A       32%         3
 Iskenderun's Mystic Bla  Conj/Tloc      15%        2d5       36%         4
 Animate Armour           Summ/Erth      10%        N/A       71%         4
 Cause Fear               Hex            2%         N/A       71%         4
 Petrify                  Tmut/Erth      5%         N/A       71%         4
 Manifold Assault         Tloc           26%        N/A       36%         5
 Blade Hands              Tmut           2%         N/A       96%         5
 Irradiate                Conj/Tmut      2%         3d12      96%         5
 Metabolic Englaciation   Hex/Ice        2%         N/A       96%         5
 Iron Shot                Conj/Erth      2%         9d2       100%        6
 Statue Form              Tmut/Erth      3%         N/A       100%        6
 Storm Form               Tmut/Air       2%         N/A       100%        7
 Discord                  Hex            2%         N/A       100%        8


Dungeon Overview and Level Annotations

Branches:
Dungeon (12/15)            Temple (1/1) D:7            Lair (0/5) D:10
    Orc (0/2) D:9         Gauntlet (1/1)

Altars:
Ashenzari
Cheibriados
Dithmenos
Fedhas
Gozag
Hepliaklqana
Kikubaaqudgha
Makhleb
Nemelex Xobeh
Okawaru
Qazlal
Ru
Sif Muna
Trog
Uskayaw
Vehumet
Wu Jian
Xom
Yredelemnul

Shops:
D:1 (!(?[   D:11 [

Annotations:
D:4 Edmund
D:8 1 transporter, videwesjr's ghost, novice MiFi
D:10 exclusions: oklob plant and 1 more exclusion Gauntlet 6 transporters


Innate Abilities, Weirdness & Mutations

You have a pair of large antennae on your head. (SInv)
You are mostly covered in thin metallic scales. (AC +3)
A weak demonic guardian rushes to your aid.
You regenerate magic rapidly.
You are covered in fur. (AC +1)
You are weak. (Str -2)


Message History

The spectral six-headed hydra bites you but does no damage.
The spectral six-headed hydra closely misses you.
The spectral six-headed hydra misses you.
The death scarab's many legs skitter faintly.
The death scarab misses you.
Your quasit barely misses the death scarab.
Your quasit closely misses the death scarab.
Your quasit claws the death scarab.
The death scarab bites your quasit!!
Your quasit dies!
Your quasit disappears in a puff of smoke!
You feel yourself slow down.
The death scarab's many legs skitter faintly.
The spectral six-headed hydra attacks as you move away!
The spectral six-headed hydra closely misses you.
The spectral six-headed hydra bites you! x2
The spectral six-headed hydra misses you.
The spectral six-headed hydra bites you.
You feel drained.
The spectral six-headed hydra bites you.
There is a transporter here.
You enter the transporter and appear at another place.
The death scarab's many legs skitter faintly.
The spectral six-headed hydra closely misses you.
The spectral six-headed hydra bites you!
* * * LOW HITPOINT WARNING * * *
You feel drained.
The spectral six-headed hydra bites you!
* * * LOW HITPOINT WARNING * * *
A demonic guardian appears!
The spectral six-headed hydra bites you.
* * * LOW HITPOINT WARNING * * *
You feel drained.
* * * LOW HITPOINT WARNING * * *
The spectral six-headed hydra bites you but does no damage. x2
The spectral six-headed hydra bites you.
* * * LOW HITPOINT WARNING * * *
The spectral six-headed hydra bites you.
You die...
Kikubaaqudgha rasps: "You have failed me!
Welcome... death!"

©#..#9©#..©#..#...#
.#..##.##.!#..#.8.#
##9.^#..#.)#..#...#
.#9#.##.##^#..#.8.#
.#.9.......#..#...#
.###########..#...# #
.§§..........≈#.©.#.#
§............∩#.....#
.............≈#Z@.#.
.###########..#...#
.#....Z...B#..#4..#
.#.##.ZB##B#..#.8.#
##.#.#.#.#[#..#...#
.#..##.##Z!#..#.8.#
§#..#.©.#.§#..#...#
.#..##.##.!#..#≈8≈#
##.#.#.#.#.#..#####


You could see a spectral black mamba, a spectral six-headed hydra (ally target),
2 death scarabs and a friendly rust devil (summoned).

Vanquished Creatures
  2 boulder beetles
  A hydra (D:10)
  2 centaur warriors
  2 two-headed ogres (D:9)
  A shining eye (Gauntlet)
  A gargoyle (D:10)
  A komodo dragon (shapeshifter) (D:10)
  2 kobold demonologists (D:9)
  A yaktaur (D:10)
  A meliai (D:10)
  4 trolls
  2 hornets
  A meliai (shapeshifter) (D:11)
  A slime creature (D:12)
  2 wraiths
  2 yaks (D:10)
  2 wyverns (D:8)
  A golden eye (Gauntlet)
  8 wargs (D:9)
  A steam dragon (D:10)
  Menkaure (D:5)
  2 acid dragons (D:11)
  A hell hound (D:11)
  A floating eye (Gauntlet)
  3 water moccasins
  3 orc warriors
  A sky beast (D:6)
  A black bear (D:9)
  2 ice beasts
  8 ogres
  2 centaurs
  A phantom (D:5)
  5 kobold brigands
  3 bullfrogs
  A necrophage (D:5)
  7 gnoll sergeants (D:9)
  3 scorpions
  A jelly (D:6)
  10 wights
  11 killer bees
  4 electric eels
  3 howler monkeys (D:9)
  11 orc priests
  5 gnoll boudas (D:9)
  2 hounds
  3 iguanas
  11 orc wizards
  Robin (D:4)
  4 gnolls
  7 adders
  An ufetubus (D:5)
  2 worms
  2 dart slugs
  31 orcs
  5 ball pythons
  3 bats
  3 endoplasms
  2 giant cockroaches
  14 goblins
  12 hobgoblins
  18 kobolds
  A quokka (D:4)
  4 frilled lizards
  2 rats (D:3)
256 creatures vanquished.

Vanquished Creatures (collateral kills)
  A centaur warrior (D:10)
  2 two-headed ogres
  Nergalle (D:11)
  An orc sorcerer (D:9)
  An ugly thing (D:10)
  A cyclops (D:11)
  2 kobold demonologists (D:9)
  2 trolls (D:11)
  2 shadows (D:11)
  A yak (D:10)
  A wraith (D:10)
  A basilisk (D:10)
  4 vampire mosquitoes
  A warg (D:9)
  2 orc warriors (D:9)
  A sky beast (D:7)
  An ogre (D:4)
  2 kobold brigands (D:9)
  A gnoll sergeant (D:9)
  A necrophage (D:5)
  4 wights (D:9)
  2 killer bees (D:9)
  2 howler monkeys (D:9)
  A jelly (D:7)
  An orc priest (D:9)
  2 orc wizards (D:9)
  A gnoll (D:7)
  An orc zombie (D:9)
  A shadow imp (D:5)
  3 orcs
  2 goblins
  A hobgoblin (D:2)
  A frilled lizard (D:3)
  A kobold (D:2)
  A rat (D:2)
53 creatures vanquished.

Vanquished Creatures (others)
  A centaur warrior (D:9)
  A manticore (D:11)
  A hydra zombie (D:10)
  A meliai zombie (D:11)
  A two-headed ogre zombie (D:9)
  A hornet zombie (D:11)
  A manticore zombie (D:11)
  2 vampire mosquito zombies (D:11)
  A howler monkey (D:11)
  A black bear zombie (D:9)
  A hound (D:11)
  An iguana (D:9)
  A scorpion zombie (D:7)
  5 killer bee zombies (D:9)
  2 kobold zombies (D:9)
  2 ogre zombies (D:10)
  An acid dragon zombie (D:11)
  A hound zombie (D:11)
  2 howler monkey zombies
  3 orc zombies (D:9)
  2 goblins
  A hobgoblin (D:9)
  A quokka (D:9)
  6 gnoll zombies
  2 goblin zombies
  A hobgoblin zombie (D:9)
  A quokka zombie (D:9)
  13 plants
57 creatures vanquished.

Grand Total: 366 creatures vanquished

Notes
Turn   | Place    | Note
-------+----------+-------------------------------------------
     0 | D:1      | RogueRain17 the Demonspawn Necromancer began the quest for
                  | the Orb.
     0 | D:1      | Reached XP level 1. HP: 13/13 MP: 3/3
    21 | D:1      | Found Esopt's Weapon Emporium.
    37 | D:1      | Gained mutation: You have a pair of small antennae on your
                  | head. [demonic ancestry]
    37 | D:1      | Reached XP level 2. HP: 6/19 MP: 3/5
   320 | D:1      | Found Ughomeu's Antique Armour Boutique.
   431 | D:1      | Found Jetreima's Magic Scroll Shop.
   695 | D:1      | Found a faded altar of an unknown god.
   776 | D:1      | Found Kopp's Weapon Emporium.
   798 | D:1      | Upgraded the game from 0.29.1 to 0.29.1-1-gd02db6906a
   828 | D:1      | Found Noafi's Distillery.
  1281 | D:1      | Reached XP level 3. HP: 24/24 MP: 3/6
  1891 | D:2      | Reached skill level 5 in Necromancy
  2099 | D:2      | Gained mutation: You regenerate magic rapidly. [demonic
                  | ancestry]
  2099 | D:2      | Reached XP level 4. HP: 30/30 MP: 5/8
  3397 | D:3      | Found a blossoming altar of Fedhas.
  3727 | D:4      | Noticed an ogre
  3738 | D:4      | Learned a level 3 spell: Vampiric Draining
  3858 | D:4      | Gained mutation: A weak demonic guardian rushes to your
                  | aid. [demonic ancestry]
  3858 | D:4      | Reached XP level 5. HP: 35/35 MP: 6/9
  3899 | D:4      | Noticed Ijyb
  3900 | D:4      | Noticed Robin
  3902 | D:4      | Noticed Ijyb
  3902 | D:4      | Ijyb changed into Ijyb the scorpion
  3910 | D:4      | Killed Ijyb the scorpion
  4164 | D:4      | Killed an ogre
  4165 | D:4      | Reached skill level 6 in Necromancy
  4165 | D:4      | Reached XP level 6. HP: 38/41 MP: 5/10
  4233 | D:4      | Noticed Edmund
  4290 | D:4      | Killed Robin
  4545 | D:5      | Entered Level 5 of the Dungeon
  4665 | D:5      | Noticed Menkaure
  5003 | D:5      | Reached skill level 1 in Throwing
  5022 | D:5      | Gained mutation: You are partially covered in thin metallic
                  | scales. (AC +2) [demonic ancestry]
  5022 | D:5      | Reached XP level 7. HP: 21/46 MP: 5/11
  5216 | D:5      | Reached skill level 7 in Necromancy
  5351 | D:5      | Got Zathout's Discourse on Pestilence and the Jaunt
  5481 | D:5      | Reached skill level 5 in Dodging
  5913 | D:5      | Killed Menkaure
  5914 | D:5      | Gained mutation: You are mostly covered in thin metallic
                  | scales. (AC +3) [demonic ancestry]
  5914 | D:5      | Reached XP level 8. HP: 25/52 MP: 4/12
  6416 | D:6      | Reached skill level 8 in Necromancy
  7257 | D:6      | Identified a scroll of acquirement
  7260 | D:6      | Acquired 1104 gold pieces
  7289 | D:7      | Noticed a troll
  7347 | D:7      | Found a sacrificial altar of Ru.
  7629 | D:7      | Found a staircase to the Ecumenical Temple.
  7693 | D:7      | Reached skill level 9 in Necromancy
  7755 | D:7      | Gained mutation: You are covered in fur. (AC +1) [potion of
                  | mutation]
  7759 | D:7      | Gained mutation: You have a pair of antennae on your head.
                  | [demonic ancestry]
  7759 | D:7      | Reached XP level 9. HP: 57/57 MP: 13/13
  7838 | D:7      | Learned a level 4 spell: Animate Dead
  7905 | D:7      | Reached skill level 5 in Throwing
  8146 | D:7      | Killed a troll
  8318 | Temple   | Entered the Ecumenical Temple
  8421 | Temple   | Became a worshipper of Kikubaaqudgha
  8604 | D:8      | Reached skill level 10 in Necromancy
  8616 | D:8      | Found a basalt altar of Yredelemnul.
  8651 | D:8      | Learned a level 2 spell: Sublimation of Blood
  8673 | D:8      | Found a transporter.
  8679 | D:8      | Noticed videwesjr's ghost (novice MiFi)
  8685 | D:8      | Noticed a two-headed ogre
  9114 | D:8      | Identified the +0 ring mail "Meidarai" {Will+}
  9298 | D:9      | Reached XP level 10. HP: 60/63 MP: 3/14
  9348 | D:9      | Reached skill level 10 in Dodging
  9427 | D:9      | Reached * piety under Kikubaaqudgha
  9427 | D:9      | Received a gift from Kikubaaqudgha
  9645 | D:9      | Found a staircase to the Orcish Mines.
  9773 | D:9      | Noticed a two-headed ogre
  9797 | D:9      | Killed a two-headed ogre
  9798 | D:9      | Reached skill level 5 in Spellcasting
  9921 | D:9      | Learned a level 2 spell: Blink
  9952 | D:9      | Reached skill level 1 in Translocations
 10003 | D:9      | Reached skill level 1 in Evocations
 10039 | D:9      | Noticed an orc sorcerer
 10046 | D:9      | Killed an orc sorcerer
 10503 | D:9      | Gained mutation: You have a pair of large antennae on your
                  | head. (SInv) [demonic ancestry]
 10503 | D:9      | Reached XP level 11. HP: 67/68 MP: 18/18
 10942 | D:9      | Noticed a two-headed ogre
 10956 | D:9      | Killed a two-headed ogre
 11128 | D:10     | Entered Level 10 of the Dungeon
 11327 | D:10     | Found a broken altar of Ashenzari.
 11340 | D:10     | Noticed a red ugly thing
 11343 | D:10     | Noticed an eight-headed hydra
 11777 | D:9      | Reached skill level 5 in Translocations
 11796 | D:9      | Noticed a two-headed ogre
 11832 | D:9      | Killed a two-headed ogre
 12261 | D:9      | Reached ** piety under Kikubaaqudgha
 12472 | D:10     | Found a staircase to the Lair.
 12535 | D:10     | Noticed an oklob plant
 12635 | D:10     | Noticed Lodul
 12640 | D:10     | Noticed Lodul
 12640 | D:10     | Lodul changed into Lodul the yak
 12647 | D:10     | Killed Lodul the yak
 13082 | D:10     | Reached skill level 11 in Necromancy
 13137 | D:10     | Killed a red ugly thing
 13138 | D:10     | Reached skill level 5 in Evocations
 13554 | D:10     | Found a shimmering blue altar of Sif Muna.
 13929 | D:10     | Learned a level 5 spell: Agony
 13958 | D:11     | Noticed Nergalle
 14216 | D:10     | Killed an eight-headed hydra
 14436 | D:10     | Noticed a centaur warrior
 14473 | D:10     | Noticed a two-headed ogre
 14490 | D:10     | Killed a two-headed ogre
 14491 | D:10     | Reached skill level 12 in Necromancy
 14491 | D:10     | Reached XP level 12. HP: 65/74 MP: 19/19
 14667 | D:10     | Noticed a centaur warrior
 14673 | D:10     | Killed a centaur warrior
 14688 | D:10     | Killed a centaur warrior
 14982 | D:11     | Found Owneff's Antique Armour Shop.
 15002 | D:11     | Reached skill level 13 in Necromancy
 15084 | D:11     | Killed Nergalle
 15560 | D:12     | Noticed a boulder beetle
 15623 | D:12     | Noticed a boulder beetle
 15764 | D:12     | Killed a boulder beetle
 15921 | D:12     | Found a gate leading to a gauntlet.
 15929 | Gauntlet | Entered a Gauntlet
 15929 | Gauntlet | Found a transporter.
 15929 | Gauntlet | Found a transporter.
 16036 | Gauntlet | Found a transporter.
 16040 | Gauntlet | Found a transporter.
 16052 | Gauntlet | Found a transporter.
 16054 | Gauntlet | Found a transporter.
 16070 | Gauntlet | Found a transporter.
 16081 | Gauntlet | Noticed a catoblepas
 16082 | Gauntlet | Noticed a death scarab
 16085 | Gauntlet | Found a transporter.
 16090 | Gauntlet | Noticed a death scarab
 16104 | Gauntlet | Found a transporter.
 16106 | Gauntlet | Found a transporter.
 16116 | Gauntlet | Found a transporter.
 16120 | Gauntlet | Found a transporter.
 16309 | Gauntlet | Gained mutation: You are weak. (Str -2) [a shining eye]
 16356 | Gauntlet | HP: 2/67 [spectral six-headed hydra (2)]
 16356 | Gauntlet | Slain by a spectral six-headed hydra

Illustrated notes

Levels and vault maps discovered:
D:1:      amcnicky_arrival_blooded_trapdoor, layout_basic,
          chequers_ecumenical_altar_simple_redux, serial_shops, shop,
          nicolae_shop_bloodbath_and_beyond, shop, shop, nicolae_shop_stone
D:2:      layout_loops_ring, amcnicky_mini_rare_corridor_liquid
D:3:      layout_loops_ring, fedhas_altar_4, minmay_misc_feat_ornament
D:4:      layout_basic, uniq_robin, uniq_ijyb, uniq_edmund
D:5:      layout_gridville, uniq_menkaure
D:6:      layout_gridville, minivault_10, serial_park_tiny_2
D:7:      layout_cave_pools, mainiacjoe_overflow_paths,
          minmay_temple_entry_large_hall, columned_hall_lemuel
D:8:      layout_rooms, amcnicky_altar_gilded, gammafunk_ghost_smash,
          kennysheep_cross_room, minmay_misc_feat_hallway
D:9:      lemuel_castle_with_subvaults [lemuel_castle_interior_carwin_1],
          layout_irregular_city, nrook_uturn, eino_jars
D:10:     layout_cave_pods, kennysheep_mini_moat, mainiacjoe_overflow_swirl,
          dpeg_oklobed_lair, minivault_14, minmay_the_grid_2x2
          [minmay_the_grid_tree, minmay_the_grid_paths, minmay_the_grid_box_x,
          minmay_the_grid_prize_shrinking_boxes], uniq_lodul
D:11:     layout_long_grid, serial_shops, nicolae_take_the_stairs, uniq_nergalle
D:12:     layout_basic, gauntlet_entry_generic, uniq_azrael
Temple:   minmay_temple_bridge_d
Gauntlet: gammafunk_gauntlet_hard_choice [nicolae_gauntlet_swirl,
          gammafunk_gauntlet_arena_grid, nicolae_gauntlet_arena_flowing_pool,
          gammafunk_gauntlet_arena_crates, gammafunk_gauntlet_arena_corners,
          nicolae_gauntlet_arena_grate_2, dreamdust_gauntlet_exit_labyrinth]

Skill      XL: |  1  2  3  4  5  6  7  8  9 10 11 12 |
---------------+-------------------------------------+-----
Dodging        | 2 3 4 5 6 9 10 | 10.0
Necromancy     | 5 6 7 9 10 12 13 | 13.6
Spellcasting   | 3 5 |  5.0
Throwing       | 1 3 4 5 7 8 9 |  9.6
Translocations | 3 5 |  5.0
Evocations     | 2 5 |  5.0
Stealth        | |  1.7

Action                   |  1- 3 |  4- 6 |  7- 9 | 10-12 || total
-------------------------+-------+-------+-------+-------++-------
Melee: Dagger            |     9 |    12 |    25 |    38 ||    84
       Punch             |     1 |       |       |       ||     1
Throw: Javelin           |       |     9 |    25 |    21 ||    55
       Throwing net      |       |     1 |       |       ||     1
       Boomerang         |       |       |       |     3 ||     3
 Cast: Necrotise         |    64 |    97 |   209 |   163 ||   533
       Vampiric Draining |       |     1 |    41 |   151 ||   193
       Animate Dead      |       |       |     3 |    15 ||    18
       Sublimation of Bl |       |       |     1 |     2 ||     3
       Blink             |       |       |       |    13 ||    13
       Agony             |       |       |       |     3 ||     3
Invok: Unearth Wretches  |       |       |       |     6 ||     6
Evoke: Wand              |       |     3 |     8 |    48 ||    59
  Use: Potion            |     1 |     1 |     4 |     7 ||    13
       Scroll            |       |     4 |     9 |    10 ||    23
 Stab: Sleeping          |       |     1 |     2 |     1 ||     4
       Paralysed         |       |       |       |     5 ||     5
Armor: Robe              |     3 |     5 |    20 |    49 ||    77
Dodge: Dodged            |    15 |    29 |    77 |   234 ||   355
